 Dungeon Crawl Stone Soup version 0.27.1-33-g824d729ab1 (webtiles) character file.

Game seed: 16593453308794743283

41328 Kaptain the Geomancer (level 14, -8/93 HPs)
             Began as an Octopode Earth Elementalist on Dec 18, 2021.
             Mangled by a death yak (27 damage)
             ... on level 5 of the Lair of Beasts.
             The game lasted 01:18:05 (17263 turns).

Kaptain the Geomancer (OpEE)                       Turns: 17263, Time: 01:18:05

Health: -8/93      AC:  5    Str:  8    XL:     14   Next: 14%
Magic:  36/55      EV: 22    Int: 21    God:
Gold:   486        SH:  6    Dex: 17    Spells: 16/34 levels left

rFire    + + .     SeeInvis +   J - staff of earth
rCold    + + .     Faith    .   x - +0 buckler
rNeg     + . .     Spirit   .   (helmet restricted)
rPois    .         Reflect  .   s - amulet of the Messenger {RegenMP rElec rC+}
rElec    +         Harm     .   c - +4 ring of protection
rCorr    .         Rampage  .   g - ring of positive energy
Will     +....                  q - ring of magical power
Stlth    ++++++....             L - +4 ring of evasion
HPRegen  0.25/turn              B - ring of protection from cold
MPRegen  0.59/turn              I - ring of see invisible
                                G - ring of magical power
                                T - ring of Sloth {rF++ MP+9 Dex+4}

@: unable to read, hasted, very quick
A: almost no armour, amphibious, 8 rings, camouflage 1, gelatinous body 1,
(nimble swimmer 1), tentacles, inability to read while threatened
a: no special abilities


You were on level 5 of the Lair of Beasts.
You visited 3 branches of the dungeon, and saw 16 of its levels.

You collected 935 gold pieces.
You spent 449 gold pieces at shops.

Inventory:

Hand Weapons
 a - a +0 rapier of protection
 m - a +4 scimitar
 O - a +4 trident of freezing
 R - the +5 mace of Recklessness {vorpal, Str+5 Int+3}
   (You found it on level 3 of the Lair of Beasts)

   It inflicts extra damage upon your enemies.
   Str:       It affects your strength (+5).
   Int:       It affects your intelligence (+3).
Missiles
 b - 63 stones
 o - 2 throwing nets
 p - 11 curare-tipped darts
Armour
 w - a +0 tower shield
 x - a +0 buckler (worn)
Magical Staves
 u - a staff of cold
 J - a staff of earth (weapon)
Jewellery
 c - a +4 ring of protection (left tentacle)
 g - a ring of positive energy (right tentacle)
 h - an amulet of the acrobat
 q - a ring of magical power (on tentacle)
 s - the amulet of the Messenger (around mantle) {RegenMP rElec rC+}
   (You found it on level 4 of the Dungeon)

   [amulet of magic regeneration]

   It increases your rate of magic regeneration.
   rC:        It protects you from cold.
   rElec:     It insulates you from electricity.
 B - a ring of protection from cold (on tentacle)
 G - a ring of magical power (on tentacle)
 I - a ring of see invisible (on tentacle)
 L - a +4 ring of evasion (on tentacle)
 M - a ring of fire
 P - an amulet of reflection
 T - the ring of Sloth (on tentacle) {rF++ MP+9 Dex+4}
   (You found it on level 4 of the Lair of Beasts)

   [ring of magical power]

   Dex:       It affects your dexterity (+4).
   rF:        It greatly protects you from fire.
   MP:        It affects your magic capacity (+9).
Wands
 f - a wand of acid (6)
 r - a wand of iceblast (15)
 v - a wand of flame (21)
 y - a wand of polymorph (12)
 Q - a wand of mindburst (9)
 S - a wand of paralysis (5)
Scrolls
 n - 7 scrolls of teleportation
 t - 2 scrolls of immolation
 A - 5 scrolls of amnesia
 C - 11 scrolls of identify
 F - a scroll of blinking
 K - a scroll of fog
Potions
 d - 4 potions of flight
 e - 2 potions of might
 i - 2 potions of mutation
 j - 3 potions of brilliance
 k - 3 potions of haste
 l - 4 potions of curing
 z - 3 potions of invisibility
 E - a potion of resistance
 H - 2 potions of ambrosia
Miscellaneous
 N - a phantom mirror


   Skills:
 + Level 7.9 Fighting
 + Level 8.3 Dodging
 - Level 10.1 Stealth
 + Level 8.3 Shields
 * Level 10.6 Spellcasting
 + Level 7.7 Conjurations
 - Level 1.0 Transmutations
 + Level 6.3 Fire Magic
 * Level 11.6 Earth Magic


You had 16 spell levels left.
You knew the following spells:

 Your Spells              Type           Power      Damage    Failure   Level
a - Sandblast             Erth           100%       2d20      1%          1
b - Passwall              Tmut/Erth      45%        N/A       1%          2
c - Stone Arrow           Conj/Erth      100%       3d13      1%          3
d - Sticky Flame          Conj/Fire      40%        2d6       3%          4
e - Bolt of Magma         Conj/Fire/Erth 31%        4d14      4%          5
f - Mephitic Cloud        Conj/Pois/Air  21%        N/A       6%          3

Your spell library contained the following spells:

 Spells                   Type           Power      Damage    Failure   Level
 Conjure Flame            Conj/Fire      40%        6-21      1%          3
 Petrify                  Tmut/Erth      54%        N/A       4%          4
 Ignite Poison            Fire/Tmut/Pois 21%        N/A       7%          3


Dungeon Overview and Level Annotations

Branches:
Dungeon (10/15)            Temple (1/1) D:7            Lair (5/6) D:10
  Swamp (0/4) Lair:2       Spider (0/4) Lair:2
  Slime: Lair:5-6       Orc: D:9-12

Altars:
Ashenzari
Cheibriados
Dithmenos
Elyvilon
Fedhas
Gozag
Hepliaklqana
Kikubaaqudgha
Makhleb
Nemelex Xobeh
Okawaru
Qazlal
Ru
Sif Muna
Trog
Uskayaw
Vehumet
Wu Jian
Xom
Yredelemnul
Zin
The Shining One

Shops:
D:2 !   D:4 [   D:7 *   D:8 =

Annotations:
D:3 Robin
Lair:3 exclusion: 4 oklob plants


Innate Abilities, Weirdness & Mutations

You cannot wear most types of armour.
You are amphibious.
You can wear up to eight rings at the same time.
Your skin changes colour to match your surroundings (Stealth+).
Your rubbery body absorbs attacks. (AC +1, EV +1)
((You are camouflaged near water. (Stealth+)))
You have tentacles for arms and can constrict up to eight enemies at once.
You sometimes lose the ability to read scrolls when taking damage.


Message History

Unknown command.
Casting: Stone Arrow (safe; 1% risk of failure)
Confirm with . or Enter, or press ? or * to list all spells.
Aiming: Stone Arrow (safe; 1% risk of failure)
Press: ? - help, Shift-Dir - straight line, f - death yak
Aim: a death yak (92% to hit)
You feel a surge of power!
The stone arrow hits the death yak!
The death yak is lightly wounded.
The ice encasing you melts away. The death yak gores you!
Casting: Stone Arrow (safe; 1% risk of failure)
Confirm with . or Enter, or press ? or * to list all spells.
Aiming: Stone Arrow (safe; 1% risk of failure)
Press: ? - help, Shift-Dir - straight line, f/p - death yak
Aim: a death yak (lightly wounded, 92% to hit)
You feel a surge of power!
The stone arrow hits the death yak!
The death yak is moderately wounded.
The death yak gores you.
Unknown command.
Casting: Stone Arrow (safe; 1% risk of failure)
Confirm with . or Enter, or press ? or * to list all spells.
Aiming: Stone Arrow (safe; 1% risk of failure)
Press: ? - help, Shift-Dir - straight line, f/p - death yak
Aim: a death yak (moderately wounded, 92% to hit)
You feel a surge of power!
The stone arrow hits the death yak!
The death yak is heavily wounded.
The death yak gores you!!
* * * LOW HITPOINT WARNING * * *
Unknown command.
You cannot read scrolls in your current state!
You feel much better. The death yak gores you!!
* * * LOW HITPOINT WARNING * * *
Unknown command.
Okay, then.
Unknown command.
Save game and exit?
Welcome back, Kaptain the Octopode Earth Elementalist.
Press ? for a list of commands and other information.
You feel yourself speed up. The death yak gores you!!
You die...

♣.♣ #... #....... ♣.♣
#... #....... ♣.♣#..##
....... ♣♣♣♣.....##
#...... ..........#
##...... ♣......#
##....... #....# ######
##..).....
#....####.##.###.........
#.....YY@................
#..###.###....P..#.......
#... ####.##.####.#......
#... ## ### ###......
#... #........ ....#
###...... .... ##......
#....... #.......


You could see a death yak and an elephant.

Vanquished Creatures
  The ghost of Jabberih the Earth Mage, a journeyman GrEE of Vehumet (Lair:4)
  7 hydras
  An alligator (Lair:4)
  2 two-headed ogres
  2 bog bodies (Lair:2)
  A lindwurm (Lair:3)
  3 elephants (Lair:4)
  2 black mambas (Lair:3)
  A torpor snail (Lair:2)
  11 cane toads
  A gargoyle (D:10)
  2 kobold demonologists (D:10)
  5 rime drakes
  10 komodo dragons
  A troll (D:9)
  A polar bear (Lair:3)
  17 blink frogs
  12 dream sheep
  Sigmund (D:4)
  3 redbacks (Lair:2)
  A wyvern (Lair:4)
  A wraith (D:9)
  44 yaks
  A basilisk (Lair:4)
  2 steam dragons
  5 vampire mosquitoes (D:10)
  3 wargs (D:10)
  The ghost of Atelerd the Digger, an amateur OpEE (D:4)
  13 water moccasins
  An ice beast (D:6)
  4 orc warriors
  A black bear (D:6)
  5 ogres
  4 sky beasts
  16 wolves
  3 centaurs
  7 kobold brigands
  A wyvern zombie (D:7)
  10 bullfrogs
  3 gnoll sergeants
  2 scorpions
  8 killer bees (D:8)
  A vampire bat (D:7)
  7 wights (D:9)
  4 centaur zombies
  A crimson imp (D:8)
  2 bullfrog zombies (D:5)
  A bullfrog skeleton (D:4)
  A centaur skeleton (D:4)
  4 hounds
  7 orc priests
  Crazy Yiuf (D:2)
  Terence (D:2)
  8 iguanas
  5 orc wizards
  A killer bee zombie (D:7)
  A hound zombie (D:5)
  A howler monkey zombie (D:9)
  12 gnolls
  8 adders
  A howler monkey skeleton (D:6)
  A shadow imp (D:7)
  2 ufetubi (D:6)
  An adder skeleton (D:2)
  2 worms
  2 dart slugs
  19 orcs
  4 endoplasms
  3 giant cockroaches
  12 goblins
  6 hobgoblins
  8 jackals
  17 kobolds
  5 quokkas
  4 ball pythons
  18 bats
  2 frilled lizards
  3 rats
396 creatures vanquished.

Vanquished Creatures (others)
  2 bushes (Lair:3)
  19 fungi
  58 plants
79 creatures vanquished.

Grand Total: 475 creatures vanquished

Notes
Turn   | Place    | Note
-------+----------+-------------------------------------------
     0 | D:1      | Kaptain the Octopode Earth Elementalist began the quest for
                  | the Orb.
     0 | D:1      | Reached XP level 1. HP: 11/11 MP: 3/3
   120 | D:1      | Reached XP level 2. HP: 12/18 MP: 5/5
   763 | D:1      | Reached XP level 3. HP: 22/22 MP: 6/6
  1085 | D:2      | Found a runed translucent door.
  1086 | D:2      | Noticed Crazy Yiuf
  1092 | D:2      | Learned a level 2 spell: Passwall
  1096 | D:2      | Learned a level 3 spell: Stone Arrow
  1101 | D:2      | HP: 1/22 [Crazy Yiuf (6)]
  1490 | D:2      | Killed Crazy Yiuf
  1491 | D:2      | Reached skill level 1 in Fighting
  1491 | D:2      | Reached XP level 4. HP: 28/28 MP: 3/8
  1569 | D:2      | Reached skill level 4 in Earth Magic
  1569 | D:2      | Reached XP level 5. HP: 3/33 MP: 1/9
  1843 | D:2      | Noticed Terence
  1845 | D:2      | Found Poara's Distillery.
  1869 | D:2      | Killed Terence
  2096 | D:2      | Bought a potion of degeneration for 14 gold pieces
  2097 | D:2      | Bought a potion of curing for 42 gold pieces
  2453 | D:2      | Found a faded altar of an unknown god.
  2658 | D:3      | Noticed an ogre
  2674 | D:3      | Killed an ogre
  2675 | D:3      | Reached XP level 6. HP: 39/39 MP: 0/11
  2844 | D:3      | Noticed Robin
  3458 | D:4      | Reached skill level 1 in Conjurations
  3584 | D:4      | Reached XP level 7. HP: 42/45 MP: 10/12
  3760 | D:4      | Found a runed translucent door.
  3762 | D:4      | Noticed Atelerd's ghost (amateur OpEE)
  3771 | D:4      | Killed Atelerd's ghost
  3774 | D:4      | Identified the amulet of the Messenger {RegenMP rElec rC+}
  3866 | D:4      | Reached skill level 5 in Earth Magic
  3997 | D:4      | Found Rogea's Antique Armour Shop.
  4005 | D:4      | Bought a buckler for 103 gold pieces
  4066 | D:4      | Noticed Sigmund
  4074 | D:4      | Killed Sigmund
  4075 | D:4      | Reached skill level 5 in Stealth
  4075 | D:4      | Reached skill level 1 in Shields
  4366 | D:5      | Entered Level 5 of the Dungeon
  4422 | D:5      | Reached XP level 8. HP: 49/51 MP: 14/14
  4777 | D:5      | Learned a level 4 spell: Sticky Flame
  4899 | D:5      | Reached skill level 5 in Spellcasting
  5156 | D:5      | Reached skill level 6 in Earth Magic
  5450 | D:2      | Bought a potion of heal wounds for 70 gold pieces
  5557 | D:6      | Reached XP level 9. HP: 57/57 MP: 16/16
  6363 | D:7      | Found Laucyp Usoi's Assorted Antiques.
  7310 | D:7      | Found a staircase to the Ecumenical Temple.
  7314 | Temple   | Entered the Ecumenical Temple
  8106 | D:7      | Reached skill level 7 in Earth Magic
  8278 | D:8      | Noticed a two-headed ogre
  8284 | D:8      | Killed a two-headed ogre
  8285 | D:8      | Reached skill level 5 in Dodging
  8285 | D:8      | Reached skill level 5 in Shields
  8285 | D:8      | Reached XP level 10. HP: 65/65 MP: 16/19
  8838 | D:8      | Found Duhowni's Jewellery Shop.
  8951 | D:8      | Found a burning altar of Makhleb.
  9134 | D:9      | Identified the +5 dagger "Vigit" {antimagic, Dex+5}
  9436 | D:9      | Reached skill level 1 in Fire Magic
  9983 | D:10     | Entered Level 10 of the Dungeon
 10048 | D:10     | Reached skill level 8 in Earth Magic
 10234 | D:10     | Noticed a gargoyle
 10237 | D:10     | Noticed a two-headed ogre
 10238 | D:10     | Killed a gargoyle
 10239 | D:10     | Reached skill level 5 in Fighting
 10242 | D:10     | Killed a two-headed ogre
 10243 | D:10     | Reached XP level 11. HP: 71/71 MP: 19/22
 10379 | D:10     | Found a staircase to the Lair.
 10580 | D:10     | Reached skill level 5 in Conjurations
 10736 | D:10     | Gained mutation: You sometimes lose the ability to read
                  | scrolls when taking damage. [a neqoxec]
 10993 | D:10     | Noticed a three-headed hydra
 10998 | D:10     | Killed a three-headed hydra
 11129 | Lair:1   | Entered Level 1 of the Lair of Beasts
 11271 | Lair:1   | Reached skill level 9 in Earth Magic
 12062 | Lair:1   | Reached XP level 12. HP: 79/79 MP: 24/24
 12505 | Lair:2   | Found a staircase to the Swamp.
 12659 | Lair:2   | Found a hole to the Spider Nest.
 12710 | Lair:2   | Reached skill level 10 in Earth Magic
 12771 | Lair:2   | Reached skill level 10 in Stealth
 13016 | D:8      | Bought a ring of magical power for 220 gold pieces
 13695 | Lair:3   | Noticed a four-headed hydra
 13909 | Lair:2   | Killed a four-headed hydra
 13927 | Lair:2   | Reached XP level 13. HP: 20/85 MP: 25/26
 14204 | Lair:3   | Reached skill level 5 in Fire Magic
 14971 | Lair:3   | Identified the +5 mace of Recklessness {vorpal, Str+5
                  | Int+3}
 15885 | Lair:4   | Reached skill level 10 in Spellcasting
 15885 | Lair:4   | Reached skill level 11 in Earth Magic
 15921 | Lair:4   | Found a runed translucent gate.
 15921 | Lair:4   | Found a runed translucent gate.
 15921 | Lair:4   | Found a runed translucent gate.
 15922 | Lair:4   | Noticed Jabberih's ghost (journeyman GrEE)
 16597 | Lair:4   | Identified the ring of Sloth {rF++ MP+9 Dex+4}
 16642 | Lair:4   | Learned a level 5 spell: Bolt of Magma
 16646 | Lair:4   | Learned a level 3 spell: Mephitic Cloud
 16658 | Lair:4   | Reached XP level 14. HP: 89/93 MP: 28/28
 16771 | Lair:4   | Killed Jabberih's ghost
 17263 | Lair:5   | Mangled by a death yak

Illustrated notes

Levels and vault maps discovered:
D:1:      dpeg_arrival_brainrot, layout_loops_ring
D:2:      layout_loops_ring, serial_shops, nicolae_shop_crystal,
          dreamdust_ecumenical_altar_hidden_monk_grotto,
          uniq_crazy_yiuf_cottage, uniq_terence
D:3:      layout_basic, uniq_robin
D:4:      layout_rooms, serial_shops,
          nicolae_shop_temple_entry_statues_fountains,
          ebering_ghost_inner_flame, uniq_sigmund
D:5:      layout_basic
D:6:      layout_cave_pools
D:7:      layout_loops_corners, temple_hall_moat, serial_shops,
          nicolae_shop_trees, roderic_batcave
D:8:      layout_basic, makhleb_grotto_becter, serial_shops, nicolae_shop_stone
D:9:      layout_gridville, minmay_misc_feat_nine_boxes
D:10:     layout_roguey, erik_lair_orcish_takeover, hangedman_ranch
Temple:   nicolae_temple_the_god_donut
Lair:1:   beast_lair_carwin_large_1, layout_loops_ring, serial_bayou_crossing
Lair:2:   layout_roguey, skrybe_swamp_entry_bodies, spider_nest_entry_webs,
          infiniplex_staircase_pool_2
Lair:3:   layout_misc_corridors, serial_forest, infiniplex_forest_clump_curved,
          infiniplex_forest_end_1, infiniplex_forest_lined_3_way,
          infiniplex_forest_lined_room_, infiniplex_forest_lined_3_way,
          minmay_lair_oklob_chamber
Lair:4:   layout_cave_shapes, gammafunk_ghost_split, minivault_26,
          lemuel_fruit_fields
Lair:5:   nzn_winding_woodlands_small [nzn_winding_woodlands_5x15_pockets,
          nzn_winding_woodlands_center_garden,
          nzn_winding_woodlands_5x15_sawtooth], layout_big_grid,
          nicolae_slime_entry_slimehenge, uniq_sonja

Skill      XL: |  1  2  3  4  5  6  7  8  9 10 11 12 13 |
---------------+----------------------------------------+-----
Stealth        | 3 4 5 6 7 8 9 10 | 10.1
Fighting       | 1 2 3 4 5 6 7 |  7.9
Spellcasting   | 3 4 5 6 7 8 9 10 | 10.6
Earth Magic    | 4 5 6 7 8 9 10 11 | 11.6
Dodging        | 3 4 5 6 7 8 |  8.3
Conjurations   | 1 2 4 5 6 7 |  7.7
Shields        | 1 3 5 6 7 8 |  8.3
Fire Magic     | 2 3 4 6 |  6.3
Transmutations | |  1.0

Action                   |  1- 3 |  4- 6 |  7- 9 | 10-12 | 13-15 || total
-------------------------+-------+-------+-------+-------+-------++-------
Melee: Rapier            |    48 |    62 |    63 |       |       ||   173
       Constrict         |     9 |    16 |    13 |       |     4 ||    42
       Tentacles         |     4 |     9 |     5 |     1 |     3 ||    22
       Staff             |       |       |       |     3 |     7 ||    10
 Cast: Sandblast         |    12 |    52 |    57 |   141 |    60 ||   322
       Stone Arrow       |     1 |     1 |    79 |   223 |   197 ||   501
       Mephitic Cloud    |       |       |       |       |     3 ||     3
  Use: Scroll            |     1 |     3 |     3 |     6 |       ||    13
       Potion            |     1 |       |       |     5 |     3 ||     9
 Stab: Sleeping          |    10 |     5 |    10 |     1 |       ||    26
       Distracted        |       |     1 |       |       |       ||     1
Armor: Skin              |    19 |    33 |    52 |    12 |    12 ||   128
Dodge: Dodged            |    41 |    61 |    71 |   121 |   105 ||   399
Block: Buckler           |       |       |    25 |    44 |    33 ||   102
